 Dungeon Crawl Stone Soup version 0.32-a0-886-g41c5271027 (webtiles) character file.

Game seed: 2077263203983733976

1323 ezpacito the Trooper (level 8, -3/53 (61) HPs)
             Began as a Coglin Chaos Knight on Apr 2, 2024.
             Was a Plaything of Xom.
             Killed by divine providence
             ... invoked by Jeremiah
              (12 damage)
             ... on level 6 of the Dungeon.
             The game lasted 00:07:34 (5014 turns).

ezpacito the Trooper (Coglin Chaos Knight)          Turns: 5014, Time: 00:07:35

HP:   -3/53 (61)    AC: 13    Str: 15    XL:     8   Next: 59%
MP:   3/3           EV:  7    Int: 12    God:    Xom [...*..]
Gold: 360           SH:  0    Dex: 13    Spells: 3/10 levels left

rFire   . . .        v - +3 flail of Nolo Contendere {drain, rPois}
rCold   . . .        i - +0 trident (antimagic) {Annika}
rNeg    . . .        b - +0 chain mail
rPois   +            n - +2 helmet
rElec   .            (no cloak)
rCorr   .            (no gloves)
SInv    .            d - +0 pair of boots
Will    .....        (amulet unavailable) Stlth
                     (ring unavailable)
HPRegen 0.28/turn    (ring unavailable)
MPRegen 0.08/turn    (no gizmo)

%: clarity
@: mighty, heavily drained
A: off-hand wielding, slow wielding, warmup strikes, no jewellery, clarity
a: Invent Gizmo, Renounce Religion


You were on level 6 of the Dungeon.
You worshipped Xom.
You were a favourite toy of Xom.
You visited 1 branch of the dungeon, and saw 6 of its levels.

You collected 360 gold pieces.

Inventory:

Hand Weapons
 a - a +0 hand axe of chaos {Ning}
 i - a +0 antimagic trident (offhand) {Annika}
 v - the +3 flail of Nolo Contendere (weapon) {drain, rPois}
   (You found it on level 6 of the Dungeon)

   rPois:     It protects you from poison.
Missiles
 k - a throwing net
 s - 3 poisoned darts (quivered)
Armour
 b - a +0 chain mail (worn)
 d - a +0 pair of boots (worn)
 n - a +2 helmet (worn)
 r - a +0 hat
Wands
 D - a wand of digging (3)
Scrolls
 e - 2 scrolls of noise
 m - 3 scrolls of enchant weapon
 t - a scroll of teleportation
Potions
 h - a potion of mutation {unknown}
 p - 2 potions of attraction
 q - 2 potions of curing
 u - a potion of brilliance {unknown}


   Skills:
 * Level 4.9 Fighting
 * Level 4.9(5.4) Axes
 * Level 3.2(4.3) Polearms
 * Level 3.8 Armour
 * Level 3.4 Dodging
 + Level 2.3 Stealth
 + Level 1.9 Spellcasting
 + Level 1.2 Hexes
 + Level 1.5 Necromancy
 + Level 1.3 Ice Magic
 + Level 1.1 Evocations


You had 3 spell levels left.
You knew the following spells:

 Your Spells              Type           Power      Damage    Failure   Level
s - Slow                  Hex            16%        N/A       91%         1
x - Vampiric Draining     Necr           4%         2d6       99%         3
A - Ozocubu's Armour      Ice            4%         N/A       99%         3

Your spell library contained the following spells:

 Spells                   Type           Power      Damage    Failure   Level
 Confusing Touch          Hex            4%         N/A       99%         3
 Frozen Ramparts          Ice            8%         1d2       99%         3
 Metabolic Englaciation   Hex/Ice        2%         N/A       100%        5
 Summon Forest            Summ/Tloc      0%         N/A       100%        5
 Eringya's Noxious Bog    Alch           0%         4d6       100%        6
 Haunt                    Necr/Summ      1%         N/A       100%        7
 Summon Hydra             Summ           0%         N/A       100%        7
 Borgnjor's Revivificati  Necr           2%         N/A       100%        8
 Death's Door             Necr           2%         N/A       100%        9


Dungeon Overview and Level Annotations

Branches:
Dungeon (6/15)
 Temple: D:4-7

Altars:
Ashenzari
Gozag
Uskayaw
Vehumet
Xom

Shops:
D:5 [

Annotations:
D:4 3 runed translucent doors, DeathSocks's ghost, amateur DsAl
D:6 Jeremiah


Innate Abilities, Weirdness & Mutations

You can wield a second weapon in your off-hand.
It takes a long time for you to wield or remove held weapons.
Your first few attacks do less damage.
You cannot equip rings or amulets.
You possess an exceptional clarity of mind.


Message History

Press: ? - help, Dir - move target, f/p - Jeremiah
Aim: Jeremiah, wielding a +4 vampiric trident, wearing a +0 robe and wearing an orb of mayhem (heavily wounded, ally target) Attack!
The butterfly disappears in a burst of colours! x3
Jeremiah hops!
Your black bear misses Jeremiah.
Your black bear completely misses Jeremiah.
Your black bear claws Jeremiah.
Your black bear bites Jeremiah.
Your black bear barely misses Jeremiah. x2
Jeremiah hits your black bear with a +4 vampiric trident!
The butterfly disappears in a burst of colours! x2
Jeremiah hits your black bear with a +4 vampiric trident!
Your black bear goes berserk!
The butterfly disappears in a burst of colours!
Your black bear bites Jeremiah!
Your black bear completely misses Jeremiah.
Your black bear closely misses Jeremiah.
Jeremiah throws their arms up pleadingly.
Your black bear is smitten.
Your black bear dies!
Your black bear's corpse dissolves into shadows!
The butterfly disappears in a burst of colours! x3
Jeremiah cries, "Fearful master, protect me!"
Something smites you!
* * * LOW HITPOINT WARNING * * *
A shower of butterflies erupts from you!
You emit a cloud of colourful smoke!
You take 16 damage, and have 8/53 hp.
MASSIVE DAMAGE!!
As you read the scroll of teleportation, it crumbles to dust.
You feel strangely unstable.
The butterfly disappears in a burst of colours! x3
The butterfly disappears in a burst of colours!
Your surroundings seem slightly different.
Xom thinks this is hilarious!
The butterfly disappears in a burst of colours!
Jeremiah wails, "It wants to be free!
It wants to enslave everyone!"
The butterfly disappears in a burst of colours!
Jeremiah lets out a twisted cry.
Something smites you!
You die...
Jeremiah asks, "Is it over?
Can I wake up now?"

###....# ######
##...b..####. ......
##...bbb.......######
#.§.bb...#####?.....b
#.bb§.bb##### ######
#...§bbF.b..... ####
##...(bb....#.. ..#
##†..#####.#.# #.#
##@## #.#.# ##.#
#(######.#.# ##...
#.......b..###..b.
#.######....F.....
#.# #.#.###....
#.######.#.# ##...
#..........# ##.#
########.### #.#
#....# #J#


You could see Jeremiah (ally target).

Vanquished Creatures
  Sigmund (D:2)
  A sky beast (D:6)
  2 ice beasts
  A black bear (D:6)
  A phantom (D:5)
  A bullfrog (D:6)
  A bombardier beetle (D:6)
  3 hounds (D:5)
  4 jellies
  A gnoll bouda (D:5)
  4 iguanas
  Terence (D:2)
  Robin (D:2)
  5 gnolls (D:5)
  8 adders
  A white imp (D:6)
  2 dart slugs (D:2)
  2 ribbon worms
  9 orcs
  7 ball pythons
  6 bats
  9 endoplasms
  6 giant cockroaches (D:1)
  12 goblins
  8 hobgoblins
  7 quokkas
  4 frilled lizards
  7 kobolds
  5 rats
120 creatures vanquished.

Notes
Turn   | Place    | Note
-------+----------+-------------------------------------------
     0 | D:1      | ezpacito the Coglin Chaos Knight began the quest for the
                  | Orb.
     0 | D:1      | Reached XP level 1. HP: 18/18 MP: 1/1
   111 | D:1      | Reached skill level 1 in Dodging
   172 | D:1      | Reached XP level 2. HP: 22/24 MP: 2/2
   318 | D:1      | XOM: potion effect (invisibility)
   321 | D:1      | Reached XP level 3. HP: 27/29 MP: 3/3
   528 | D:2      | Noticed Sigmund
   538 | D:2      | XOM: silly message
   725 | D:2      | XOM: noise
   732 | D:2      | Killed Sigmund
   733 | D:2      | Reached skill level 1 in Polearms
   733 | D:2      | Reached skill level 1 in Stealth
   733 | D:2      | Reached skill level 1 in Spellcasting
   733 | D:2      | Reached XP level 4. HP: 34/37 MP: 3/5
   733 | D:2      | Reached XP level 5. HP: 38/42 MP: 3/6
   921 | D:2      | Reached XP level 6. HP: 42/48 MP: 7/7
  1003 | D:2      | Noticed Robin
  1007 | D:2      | Noticed Terence
  1008 | D:2      | XOM: confuse monster(s)
  1023 | D:2      | Killed Robin
  1029 | D:2      | Killed Terence
  1030 | D:2      | XOM: 2-stop teleportation journey
  1293 | D:2      | XOM: noise
  1348 | D:2      | Found a hide-covered altar of Uskayaw.
  1807 | D:3      | XOM: 3-stop teleportation journey
  2292 | D:3      | XOM: silly message
  2409 | D:4      | XOM: potion effect (might)
  2558 | D:4      | Found a radiant altar of Vehumet.
  2697 | D:4      | Found a broken altar of Ashenzari.
  2742 | D:4      | Found a hide-covered altar of Uskayaw.
  2746 | D:4      | Learned a level 1 spell: Slow
  2750 | D:4      | Learned a level 3 spell: Ozocubu's Armour
  2754 | D:4      | Learned a level 3 spell: Vampiric Draining
  2796 | D:4      | Found a runed translucent gate.
  2796 | D:4      | Found a runed translucent gate.
  2796 | D:4      | Found a runed translucent gate.
  2799 | D:4      | Noticed DeathSocks's ghost (amateur DsAl)
  3088 | D:4      | XOM: scenery: 1 doors close
  3296 | D:5      | Entered Level 5 of the Dungeon
  3306 | D:5      | Reached XP level 7. HP: 46/54 MP: 8/8
  3388 | D:5      | Found Iceah's Antique Armour Emporium.
  3431 | D:5      | XOM: noise
  3435 | D:5      | XOM: confuse monster(s)
  3655 | D:5      | XOM: divination: detect creatures
  3880 | D:6      | XOM: noise
  3888 | D:6      | Reached skill level 1 in Necromancy
  3888 | D:6      | Reached XP level 8. HP: 33/61 MP: 10/10
  3893 | D:6      | XOM: noise
  3926 | D:6      | Reached skill level 1 in Ice Magic
  4157 | D:6      | Found an opulent altar of Gozag.
  4283 | D:6      | Reached skill level 1 in Hexes
  4410 | D:6      | Identified the +3 flail of Nolo Contendere {drain, rPois}
  4800 | D:6      | XOM: give mutation
  4800 | D:6      | Gained mutation: You possess an exceptional clarity of
                  | mind. [Xom's grace]
  4812 | D:6      | Noticed Jeremiah
  4815 | D:6      | XOM: scenery: create altars
  4932 | D:6      | Reached skill level 1 in Evocations
  4942 | D:6      | XOM: cast spell 'Iskenderun's Battlesphere'
  4947 | D:6      | XOM: draining
  4960 | D:6      | XOM: potion effect (might)
  5010 | D:6      | XOM: butterfly on damage
  5010 | D:6      | XOM: smoke on damage
  5014 | D:6      | Killed from afar by Jeremiah

Illustrated notes

Levels and vault maps discovered:
D:1:      saegor_arrival_simple_a, layout_basic
D:2:      layout_basic, basic_altar, uniq_terence, uniq_sigmund, uniq_robin
D:3:      layout_loops_ring
D:4:      layout_basic, nicolae_uskayaw_murder_on_the_dancefloor,
          nicolae_vehumet_radiance, mainiacjoe_overflow_tiny_flanked,
          gammafunk_ghost_nasty_kobolds
D:5:      layout_rooms, serial_shops, shop, wad_floor_pattern_untrapped,
          roderic_serpentine_path, chequers_serial_rivers_room_b
D:6:      layout_loops_ring, mainiacjoe_overflow_catwalk, bloody_trog,
          minmay_misc_feat_tower, uniq_jeremiah

Skill      XL: |  1  2  3  4  5  6  7  8 |
---------------+-------------------------+-----
Dodging        | 1 2 3 |  3.4
Armour         | 2 3 |  3.8
Polearms       | 1 2 3 |  3.2
Stealth        | 1 2 |  2.3
Spellcasting   | 1 |  1.9
Fighting       | 4 |  4.9
Axes           | 4 |  4.9
Necromancy     | 1 |  1.5
Ice Magic      | 1 |  1.3
Hexes          | 1 |  1.2
Evocations     | 1 |  1.1

Action                     |  1- 3 |  4- 6 |  7- 9 || total
---------------------------+-------+-------+-------++-------
  Melee: Hand axe          |    44 |    85 |    70 ||   199
         Dagger            |     5 |       |       ||     5
         Trident           |    53 |   110 |   110 ||   273
         Flail             |       |       |    25 ||    25
  Throw: Dart              |       |       |     3 ||     3
    Use: Potion            |     1 |       |     5 ||     6
         Scroll            |       |     9 |    10 ||    19
   Stab: Sleeping          |     3 |     5 |       ||     8
         Invisible         |     1 |       |     1 ||     2
         Confused          |       |     3 |     1 ||     4
         Petrified         |       |       |     4 ||     4
 Armour: Leather armour    |    31 |    25 |       ||    56
         Chain mail        |       |    39 |   116 ||   155
  Dodge: Dodged            |    27 |    34 |    38 ||    99

Table legend: (Time is in decaauts)
 A = Elapsed time spent in this place.
 B = Non-inter-level travel time spent in this place.
 C = Inter-level travel time spent in this place.
 D = Time resting spent in this place.
 E = Time spent auto-exploring this place.
 F = Levels seen in this place.
 G = Mean time per level.
                   A        B        C        D        E       F      G
               +--------+--------+--------+--------+--------+-----+--------+
         Total |   5059 |   4769 |    290 |    288 |   3590 |   6 |  843.2 |
       Dungeon |   5059 |   4769 |    290 |    288 |   3590 |   6 |  843.2 |
               +--------+--------+--------+--------+--------+-----+--------+

Top non-repeatable levels by time:
     D:6: 1144 daAuts
     D:4: 956 daAuts
     D:3: 913 daAuts
     D:2: 731 daAuts
     D:1: 722 daAuts
     D:5: 592 daAuts
